 Dungeon Crawl Stone Soup version 0.30.0-20-g3615ddf2f0 (webtiles) character file.

Game seed: 12321682165779288435

242 qw the Chopper (level 6, -3/38 HPs)
             Began as a Gargoyle Fighter on May 30, 2023.
             Killed by divine providence
             ... invoked by an orc priest
              (14 damage)
             ... on level 4 of the Dungeon.
             The game lasted 00:01:16 (2498 turns).

qw the Chopper (Gargoyle Fighter)                   Turns: 2498, Time: 00:01:17

Health: -3/38      AC: 13    Str: 22    XL:     6   Next: 9%
Magic:  6/6        EV:  8    Int:  8    God:
Gold:   163        SH:  4    Dex:  9    Spells: 5/5 levels left

rFire   . . .        Y - +0 war axe
rCold   . . .        c - +0 buckler
rNeg    + . .        a - +0 chain mail
rPois   inf          (no helmet)
rElec   +            (no cloak)
rCorr   .            (no gloves)
SInv    .            (no boots)
Will    .....        (no amulet) Stlth
                     (no ring)
HPRegen 0.26/turn    (no ring)
MPRegen 0.10/turn

%: no passive effects
@: no status effects
A: sickness immunity, AC +4, negative energy resistance 1, electricity
resistance, torment resistance 1, petrification resistance
a: no special abilities


You were on level 4 of the Dungeon.
You visited 1 branch of the dungeon, and saw 4 of its levels.

You collected 163 gold pieces.


Innate Abilities, Weirdness & Mutations

You are immune to sickness and miasma.
Your stone body is resilient. (AC +4)
You are immune to poison.
You resist negative energy. (rN+)
You are resistant to electric shocks. (rElec)
You are resistant to unholy torment.
You are immune to petrification.


   Skills:
 + Level 3.9 Fighting
 - Level 5.3 Axes
 - Level 3.2 Armour
 - Level 3.2 Shields


You had 5 spell levels left.
You didn't know any spells.
Your spell library was empty.

Inventory:

Hand Weapons
 l - a +2 flail of venom
 Y - a +0 war axe (weapon)
Armour
 a - a +0 chain mail (worn)
 c - a +0 buckler (worn)
Scrolls
 g - a scroll of identify
Potions
 b - a potion of haste {unknown}
 d - a potion of might
 h - a potion of heal wounds {unknown}
 m - a potion of lignification {unknown}
 p - a potion of degeneration {unknown}

Dungeon Overview and Level Annotations

Branches:
Dungeon (4/15)
 Temple: D:4-7

Altars:
Sif Muna


Message History

You slash the orc!
You kill the orc!
You barely miss the orc wizard. You closely miss the orc priest.
You hit the orc priest but do no damage.
You hit the kobold but do no damage. The orc wizard barely misses you.
The orc priest calls upon Beogh to heal the orc priest.
The orc priest's wounds heal themselves!
The orc priest hits you with a +0 war axe.
The kobold hits you but does no damage.
You closely miss the orc wizard.
The orc wizard is moderately wounded.
You hit the orc priest but do no damage.
You barely miss the orc priest. You slash the adder!
You closely miss the kobold. You block the adder's attack.
The orc wizard barely misses you.
The orc priest casts a cantrip, but nothing happens.
The orc priest hits you but does no damage.
The kobold closely misses you. The adder closely misses you.
You slash the adder!
You kill the adder!
You closely miss the orc priest. You miss the kobold. You hit the orc wizard.
You hit the orc priest.
The kobold hits you with a +0 short sword.
The orc wizard barely misses you.
The orc priest hits you but does no damage. x2
You closely miss the orc wizard.
The orc wizard is severely wounded.
You barely miss the kobold. You closely miss the orc priest.
You barely miss the orc priest.
A goblin comes into view. It is wielding a +0 dagger.
The kobold hits you but does no damage.
The orc wizard hits you but does no damage.
The orc priest hits you but does no damage.
The orc priest barely misses you.
The orc wizard hits you with a +0 dagger.
The orc priest closely misses you. You block the kobold's attack.
The orc priest calls down the wrath of Beogh upon you.
Beogh smites you!
You die...

............ ...
#..(........
...##.....=#....
...............
.g.............
#............ .
##....Ko....<.
...#.....@o......
.....[...)o......
...#..<.........
#................
....#....#.......
... ########.....
.. #...# ...# #.


You could see 2 orc priests, an orc wizard, a goblin and a kobold.

Vanquished Creatures
  A sky beast (D:3)
  An orc wizard (D:3)
  An adder (D:4)
  3 gnolls (D:3)
  3 dart slugs
  8 orcs
  4 ball pythons (D:2)
  5 endoplasms
  3 giant cockroaches
  9 goblins
  A hobgoblin (D:4)
  8 jackals
  5 kobolds
  A quokka (D:2)
  4 bats
  A frilled lizard (D:1)
  12 rats
70 creatures vanquished.

Notes
Turn   | Place    | Note
-------+----------+-------------------------------------------
     0 | D:1      | qw the Gargoyle Fighter began the quest for the Orb.
     0 | D:1      | Reached XP level 1. HP: 14/14 MP: 1/1
     0 | D:1      | 0 ||| qw: Version: 0.2-a-102-g2b76a06
     0 | D:1      | 0 ||| qw: Game counter: 491
     0 | D:1      | 0 ||| qw: Always use a shield: true
     0 | D:1      | 0 ||| qw: God list: Okawaru
     0 | D:1      | 0 ||| qw: Allow faded altars: false
     0 | D:1      | 0 ||| qw: Do Orc after D:15 true
     0 | D:1      | 0 ||| qw: Do second Lair branch before Depths: true
     0 | D:1      | 0 ||| qw: Lair rune preference: random
     0 | D:1      | 0 ||| qw: Plans: Normal, Zot:1-4, Slime:5, God:TSO, Crypt,
                  | Tomb, Pan, Hells, Abyss, Win
     0 | D:1      | 0 ||| PLANNING D:1-11
    32 | D:1      | Reached skill level 2 in Axes
   203 | D:1      | Reached XP level 2. HP: 12/19 MP: 2/2
   310 | D:1      | 310 ||| Stepping ~*~*~tactically~*~*~ (hiding).
   518 | D:1      | Reached skill level 3 in Axes
   682 | D:1      | Reached XP level 3. HP: 23/23 MP: 3/3
   711 | D:1      | 711 ||| READING scroll labelled LESUIPROLI.
   712 | D:1      | 712 ||| READING 3 scrolls labelled JEOLOQETUT.
   713 | D:1      | 713 ||| READING scroll labelled METI XUJ ZAI.
   714 | D:1      | 714 ||| READING scroll labelled ELYDAL JIAQAOD.
   719 | D:1      | 719 ||| READING 2 scrolls of identify.
   719 | D:1      | 719 ||| IDENTIFYING coppery potion
   920 | D:2      | 920 ||| Stepping ~*~*~tactically~*~*~ (hiding).
   935 | D:2      | HP: 5/23 [orc/+0 trident (7)]
  1013 | D:2      | 1013 ||| DROPPING +0 club.
  1014 | D:2      | 1014 ||| DROPPING +0 flail.
  1242 | D:2      | Reached XP level 4. HP: 28/28 MP: 4/4
  1480 | D:2      | 1480 ||| UPGRADING to +0 chain mail.
  1490 | D:2      | 1490 ||| DROPPING +0 scale mail.
  1491 | D:2      | 1491 ||| DROPPING ring of magical power.
  1492 | D:2      | 1492 ||| READING scroll labelled YTOLAU EPOK.
  1493 | D:2      | 1493 ||| READING scroll labelled CEEPOUKATS.
  1494 | D:2      | 1494 ||| READING scroll labelled PYLOAGR CEOZOGH.
  1513 | D:2      | 1513 ||| READING scroll labelled BISE DAFIF.
  1514 | D:2      | 1514 ||| READING scroll labelled VIGOFO TOKHILEIH.
  1630 | D:3      | Reached skill level 4 in Axes
  1752 | D:3      | Noticed a gnoll sergeant
  2008 | D:3      | Found a shimmering blue altar of Sif Muna.
  2284 | D:3      | Noticed a sky beast
  2292 | D:3      | 2292 ||| DRINKING 2 potions of curing.
  2292 | D:3      | 2292 ||| (to cure confusion)
  2301 | D:3      | Killed a sky beast
  2302 | D:3      | Reached skill level 5 in Axes
  2302 | D:3      | Reached XP level 5. HP: 12/32 MP: 5/5
  2302 | D:3      | HP: 8/32 [something (3)]
  2309 | D:3      | 2309 ||| DRINKING potion of curing.
  2309 | D:3      | 2309 ||| (to cure confusion)
  2325 | D:3      | Reached XP level 6. HP: 27/38 MP: 6/6
  2461 | D:3      | 2461 ||| READING scroll labelled OHUECWUBEA.
  2498 | D:4      | Killed from afar by an orc priest

Levels and vault maps discovered:
D:1:      dpeg_arrival_ratfight, layout_rooms, minivault_24, eino_curves_02,
          minmay_misc_feat_columns
D:2:      layout_basic
D:3:      layout_loops_corners, nicolae_sif_muna_condensation,
          lightli_corner_chamber
D:4:      layout_cave_pools, minivault_25

Skill      XL: |  1  2  3  4 |
---------------+-------------+-----
Axes           | 2 3 5 |  5.3
Fighting       | |  3.9
Armour         | |  3.2
Shields        | |  3.2

Action                     |  1- 3 |  4- 6 || total
---------------------------+-------+-------++-------
  Melee: War axe           |   127 |    73 ||   200
    Use: Scroll            |     5 |     6 ||    11
         Potion            |       |     2 ||     2
 Armour: Scale mail        |    60 |     4 ||    64
         Chain mail        |       |    60 ||    60
  Dodge: Dodged            |    67 |    33 ||   100
  Block: Buckler           |    21 |    10 ||    31

Table legend:
 A = Non-vault XP
 B = Vault XP
 C = Vault XP percentage of total XP
 D = Non-vault monster count
 E = Vault monster count
 F = Vault count percentage of total count
                 A         B        C        D         E       F
            +---------+---------+-------+---------+---------+-------
      Total |     342 |       5 |   1.4 |      65 |       5 |   7.1
            +---------+---------+-------+---------+---------+-------
        D:1 |      32 |       5 |  13.5 |      18 |       5 |  21.7
        D:2 |      54 |       0 |   0.0 |      28 |       0 |   0.0
        D:3 |     235 |       0 |   0.0 |      15 |       0 |   0.0
        D:4 |      21 |       0 |   0.0 |       4 |       0 |   0.0
            +---------+---------+-------+---------+---------+-------
